AoeStats
← Senstu

Glade

510548522Analyzed
1v1 RM · 1d ago on Oct 1, 2026· 36m 37s· 2 players
Game mode
Random Map
Map size
Tiny (2 player)
Population
200
Speed
Normal
Resources
Standard
Victory
Conquest
Starting age
Dark Age
Ending age
Imperial Age
RankedLock teamsTeams togetherTeam positionsShared explorationLock speedFull tech treeHidden civsTurbo modeCheats
Victory
Defeat
🇨🇭 Bulgarians · Switzerland
1024
+18
🇩🇪 Franks · Germany
1059
-18
Senstu
6:06 Loom
11:46 Feudal Age
18:38 Castle Age
17:47 Arson
19:02 Forging
18:54 Scale Mail Armor
18:59 Pikeman
34:23 Imperial Age
32:26 Horse Collar
32:33 Double-Bit Axe
33:26 Wheelbarrow
34:31 Heavy Plow
34:44 Bow Saw
34:58 Hand Cart
35:57 Iron Casting
35:40 Chain Mail Armor
35:31 Scale Barding Armor
36:13 Halberdier
Besen
5:17 Loom
11:18 Feudal Age
12:47 Double-Bit Axe
15:38 Wheelbarrow
17:25 Castle Age
15:39 Forging
17:09 Gold Mining
17:26 Scale Barding Armor
18:47 Iron Casting
18:26 Bow Saw
20:48 Wheelbarrow
21:11 Fletching
21:21 Padded Archer Armor
22:22 Husbandry
23:29 Crossbowman
26:29 Stone Mining
26:59 Bodkin Arrow
28:13 Leather Archer Armor
30:59 Hand Cart
32:55 Pikeman
33:38 Scale Mail Armor
34:34 Chain Mail Armor
35:43 Chain Barding Armor
Connection lost

Rejoining the realm…

Still unreachable

The connection could not be restored.

Session expired

The server has moved on; the page needs a fresh start.